 Dungeon Crawl Stone Soup version 0.18.1-48-g4cf74bf (webtiles) character file.

3416 Galewin the Cleaver (level 9, -1/70 HPs)
             Began as a Minotaur Berserker on Aug 5, 2016.
             Was a High Priest of Trog.
             Killed from afar by an electric eel (13 damage)
             ... with a bolt of electricity
             ... on level 8 of the Dungeon.
             The game lasted 00:16:24 (5470 turns).

Galewin the Cleaver (Minotaur Berserker)            Turns: 5470, Time: 00:16:25

Health: -1/70      AC: 15    Str: 25    XL:     9   Next: 76%
Magic:  8/8        EV:  8    Int:  4    God:    Trog [*****.]
Gold:   559        SH:  0    Dex: 10    Spells: 0 memorised, 8 levels left

rFire  . . .     SeeInvis .     E - +1 battleaxe
rCold  . . .     Gourm    .     A - +0 plate armour
rNeg   . . .     Faith    .     (shield currently unavailable)
rPois  .         Spirit   .     (helmet restricted)
rElec  .         Dismiss  .     (no cloak)
rCorr  .         Reflect  .     m - +0 pair of gloves
SustAt .         Harm     .     z - +0 pair of boots
MR     .....                    (no amulet)
Stlth  ..........               (no ring)
                                (no ring)

@: lethally poisoned (-1 -> -3), exhausted, slowed, very slow, not resistant to
hostile enchantments, extremely unstealthy
A: retaliatory headbutt, horns 2
a: Berserk, Trog's Hand, Brothers in Arms, Burn Spellbooks, Renounce Religion


You were on level 8 of the Dungeon.
You worshipped Trog.
Trog was extremely pleased with you.
You were not hungry.

You visited 1 branch of the dungeon, and saw 8 of its levels.

You collected 559 gold pieces.

Inventory:

Hand Weapons
 E - a +1 battleaxe (weapon)
Armour
 m - a +0 pair of gloves (worn)
 z - a +0 pair of boots (worn)
 A - a +0 plate armour (worn)
Jewellery
 e - a +2 ring of intelligence
Wands
 a - a wand of lightning (4/15)
 i - a wand of flame (31/48)
 w - a wand of digging (8/24)
 F - a wand of acid (6/15)
 G - a wand of paralysis (7/24)
Scrolls
 b - a scroll of enchant weapon
 g - a scroll of teleportation
 h - 2 scrolls of remove curse
 j - 2 scrolls of recharging
 o - a scroll of amnesia
 r - a scroll of identify
 t - a scroll of blinking {unknown}
 y - a scroll of immolation {unknown}
 H - a scroll of summoning {unknown}
Potions
 d - a potion of heal wounds {unknown}
 k - 2 potions of haste {unknown}
 l - a potion of magic {unknown}
 p - a potion of experience {unknown}
 u - a potion of might {unknown}
 v - 2 potions of agility {unknown}
 B - 2 potions of lignification {unknown}
 C - a potion of curing {unknown}
 D - a potion of brilliance {unknown}
Comestibles
 c - 7 bread rations
 f - 8 fruits
 n - a chunk of flesh
 s - 8 meat rations
 x - 10 slices of pizza


   Skills:
 - Level 3.6 Fighting
 * Level 14.9 Axes
 + Level 6.7 Armour
 - Level 2.1 Dodging


You had 8 spell levels left.
You didn't know any spells.

Dungeon Overview and Level Annotations

Branches:
Dungeon (8/15)             Temple (0/1) D:4
   Lair: D:8-11

Altars:
Dithmenos
Gozag
Okawaru
Pakellas
Ru
Sif Muna
Trog
Vehumet
Xom
Yredelemnul


Innate Abilities, Weirdness & Mutations

You reflexively headbutt those who attack you in melee.
You have a pair of horns on your head.


Message History

You feel sick.
Found a worn silver wand.
An electric eel comes into view.
You feel sick.
Found 14 stones.
Eat one of 2 chunks of flesh? (ye/n/q/i?) This raw flesh tastes terrible.
You continue eating.
You feel sick.
You continue eating.
The electric eel shoots out a bolt of lightning at you!
The bolt of electricity hits the plant.
The bolt of electricity hits you!
* * * LOW HITPOINT WARNING * * *
The bolt of electricity hits the plant.
Read which item? (? for menu, Esc to quit)
Okay, then.
You feel sick.
The electric eel shoots out a bolt of lightning at you!
The bolt of electricity hits the plant.
The bolt of electricity hits you!
You die...

####### #♣≈....≈≈≈≈P##
......# ♣≈≈≈...≈≈≈≈≈P##
#####.# ♣≈≈...≈≈≈≈≈≈≈≈#
# #.# ♣≈≈....P;P≈≈≈♣
#####.##.♣♣≈P≈...♣P≈≈≈♣♣
.........♣♣≈≈≈...≈≈≈≈≈≈♣
......###♣♣≈≈≈..≈.≈≈≈≈≈♣
####### ♣≈≈≈....≈≈≈≈≈♣ #
♣≈≈P≈.@PP≈♣≈♣# #
#♣♣≈≈...≈≈# # ###
#≈♣≈..≈≈## ..# # ♣≈../##
#.# ♣≈...# #[# #...#.
#)# #.(... #.#######
#.#.#.# .........


You could see an electric eel.

Vanquished Creatures
  Sigmund (D:2)
  A human (D:8)
  Menkaure (D:4)
  2 water moccasins
  Duvessa (D:4)
  An ice beast (D:5)
  2 orc warriors
  2 sky beasts
  2 phantoms (D:6)
  An ogre (D:4)
  A centaur (D:7)
  Blork the orc (D:4)
  A giant frog (D:6)
  Dowan (D:4)
  A wyvern skeleton (D:7)
  10 killer bees (D:8)
  3 wights (D:7)
  An electric eel (D:8)
  A howler monkey (D:7)
  A crimson imp (D:8)
  4 hounds
  7 orc wizards
  3 orc priests
  A gnoll shaman (D:5)
  2 jellies
  A centaur skeleton (D:5)
  Jessica (D:3)
  2 iguanas
  3 worker ants
  2 killer bee zombies
  2 hound zombies (D:6)
  A hound skeleton (D:6)
  Robin (D:4)
  3 gnolls (D:5)
  10 adders
  A howler monkey skeleton (D:6)
  An adder zombie (D:5)
  3 worms
  3 dart slugs
  A giant gecko (D:2)
  21 orcs
  2 ball pythons
  4 giant cockroaches
  18 goblins
  14 hobgoblins
  6 jackals
  5 kobolds
  A quokka (D:5)
  A ball python skeleton (D:4)
  5 bats
  6 giant newts
  A quokka skeleton (D:4)
  2 rats (D:2)
173 creatures vanquished.

Notes
Turn   | Place    | Note
--------------------------------------------------------------
     0 | D:1      | Galewin the Minotaur Berserker began the quest for the Orb.
     0 | D:1      | Reached XP level 1. HP: 19/19 MP: 0/0
   198 | D:1      | Reached skill level 4 in Axes
   259 | D:1      | Reached XP level 2. HP: 26/26 MP: 1/1
   893 | D:2      | Reached skill level 5 in Axes
   933 | D:2      | Reached ** piety under Trog
   937 | D:2      | Reached XP level 3. HP: 31/31 MP: 2/2
  1051 | D:2      | You fall through a shaft for 2 floors!
  1075 | D:4      | Noticed Blork the orc
  1082 | D:4      | Killed Blork the orc
  1082 | D:4      | Reached skill level 6 in Axes
  1082 | D:4      | Reached XP level 4. HP: 39/39 MP: 3/3
  1132 | D:4      | Noticed Duvessa
  1134 | D:4      | Noticed Dowan
  1137 | D:4      | Killed Duvessa
  1137 | D:4      | Reached skill level 7 in Axes
  1137 | D:4      | Reached XP level 5. HP: 45/45 MP: 4/4
  1144 | D:4      | Killed Dowan
  1144 | D:4      | Reached skill level 8 in Axes
  1144 | D:4      | Reached XP level 6. HP: 51/51 MP: 5/5
  1154 | D:3      | Noticed Jessica
  1161 | D:3      | Killed Jessica
  1247 | D:2      | Noticed Sigmund
  1254 | D:2      | Killed Sigmund
  1254 | D:2      | Reached skill level 9 in Axes
  1598 | D:2      | Reached XP level 7. HP: 50/57 MP: 6/6
  2005 | D:3      | Found a basalt altar of Yredelemnul.
  2020 | D:3      | Reached *** piety under Trog
  2043 | D:3      | Found an opulent altar of Gozag.
  2139 | D:3      | Found a radiant altar of Vehumet.
  2292 | D:3      | Found an oddly glowing altar of Pakellas.
  2356 | D:3      | Found a deep blue altar of Sif Muna.
  2435 | D:3      | Found an iron altar of Okawaru.
  2496 | D:4      | Noticed Robin
  2507 | D:4      | Killed Robin
  2508 | D:4      | Reached skill level 10 in Axes
  2560 | D:4      | Found a staircase to the Ecumenical Temple.
  2576 | D:4      | Noticed Menkaure
  2585 | D:4      | Killed Menkaure
  3123 | D:4      | Reached skill level 11 in Axes
  3160 | D:5      | Entered Level 5 of the Dungeon
  3280 | D:5      | Reached XP level 8. HP: 62/64 MP: 7/7
  3505 | D:5      | Found a bloodstained altar of Trog.
  3713 | D:5      | Reached **** piety under Trog
  3713 | D:5      | Reached skill level 12 in Axes
  4057 | D:6      | Found a shadowy altar of Dithmenos.
  4064 | D:6      | Found a shimmering altar of Xom.
  4145 | D:6      | Reached skill level 13 in Axes
  4289 | D:6      | Reached XP level 9. HP: 65/70 MP: 8/8
  4357 | D:6      | Reached skill level 5 in Armour
  4591 | D:7      | Found a sacrificial altar of Ru.
  4655 | D:7      | Reached ***** piety under Trog
  4657 | D:7      | Reached skill level 14 in Axes
  5332 | D:8      | Received a gift from Trog
  5470 | D:8      | Killed from afar by an electric eel

Skill      XL: |  1  2  3  4  5  6  7  8  9 |
---------------+----------------------------+-----
Axes           | 4 5 6 7 8 9 11 13 14 | 14.9
Armour         | 4 6 |  6.7
Fighting       | |  3.6
Dodging        | |  2.1

Action                   |  1- 3 |  4- 6 |  7- 9 || total
-------------------------+-------+-------+-------++-------
Melee: Hand axe          |    65 |    42 |   276 ||   383
       Headbutt          |     9 |     4 |    65 ||    78
       Battleaxe         |       |       |   106 ||   106
Invok: Berserk           |     2 |     2 |     4 ||     8
       Burn Spellbooks   |       |       |     1 ||     1
  Use: Scroll            |       |       |    11 ||    11
  Eat: Chunk             |     2 |     4 |    13 ||    19
       Royal jelly       |       |       |     1 ||     1
       Pizza             |       |       |     1 ||     1
Armor: Scale mail        |    32 |    10 |    45 ||    87
       Plate armour      |       |       |   161 ||   161
Dodge: Dodged            |    34 |    16 |   129 ||   179
